AoeStats
← Iguano Pop

Arabian Desert

509304253Analyzed
1v1 RM · 6d ago on Sep 26, 2026· 25m 2s· 2 players
Game mode
Random Map
Map size
Tiny (2 player)
Population
200
Speed
Normal
Resources
Standard
Victory
Conquest
Starting age
Dark Age
Ending age
Imperial Age
RankedLock teamsTeams togetherTeam positionsShared explorationLock speedFull tech treeHidden civsTurbo modeCheats
Victory
Defeat
🇸🇪 Maya · Sweden
1370
+14
🇲🇽 Teutons · Mexico
1332
-14
Iguano Pop
6:52 Loom
10:09 Feudal Age
10:39 Town Watch
11:07 Double-Bit Axe
14:31 Padded Archer Armor
15:08 Fletching
24:46 Castle Age
23:11 Gold Mining
JediiMastaah
6:06 Loom
8:46 Feudal Age
9:20 Double-Bit Axe
10:47 Fletching
10:54 Fletching
14:27 Scale Mail Armor
16:44 Horse Collar
19:13 Forging
21:55 Castle Age
20:48 Arson
21:00 Gold Mining
22:04 Eagle Warrior
22:46 Squires
23:15 Bow Saw
23:24 Chain Mail Armor
Connection lost

Rejoining the realm…

Still unreachable

The connection could not be restored.

Session expired

The server has moved on; the page needs a fresh start.